 Dungeon Crawl Stone Soup version 0.28.0-43-g3370ac3207 (webtiles) character file.

Game seed: 9830614965486208759

562 bnorton916 the Chiller (level 7, -4/46 HPs)
             Began as a Barachi Ice Elementalist on Mar 22, 2022.
             Slain by a phantom (8 damage)
             ... on level 5 of the Dungeon.
             The game lasted 00:09:15 (5602 turns).

bnorton916 the Chiller (Barachi Ice Elementalist)   Turns: 5602, Time: 00:09:16

Health: -4/46      AC:  3    Str:  9    XL:     7   Next: 31%
Magic:  12/14      EV: 12    Int: 17    God:
Gold:   225        SH:  0    Dex: 13    Spells: 7/16 levels left

rFire   . . .      SeeInvis .   j - +3 dagger (venom)
rCold   . . .      Faith    .   (no shield)
rNeg    . . .      Spirit   .   a - +0 robe
rPois   .          Reflect  .   (no helmet)
rElec   .          Harm     .   (no cloak)
rCorr   .          Rampage  .   o - +0 pair of gloves
Will    .....                   (no boots)
Stlth   ++........              (no amulet)
HPRegen 0.15/turn               (no ring)
MPRegen 0.14/turn               (no ring)

@: slow
A: amphibious, slowness 1, strong legs 1, +LOS
a: Hop


You were on level 5 of the Dungeon.
You visited 1 branch of the dungeon, and saw 5 of its levels.

You collected 225 gold pieces.

Inventory:

Hand Weapons
 j - a +3 dagger of venom (weapon)
Missiles
 e - 5 poisoned darts (quivered)
 g - 140 stones
Armour
 a - a +0 robe (worn)
 h - the +0 ring mail of Valour {rC+ Int+3 Dex+3}
   (You found it on level 4 of the Dungeon)

   Int:       It affects your intelligence (+3).
   Dex:       It affects your dexterity (+3).
   rC:        It protects you from cold.
 k - a +0 leather armour
 o - a +0 pair of gloves (worn)
Magical Staves
 p - a staff of poison
Scrolls
 b - a scroll of enchant weapon
 l - 3 scrolls of fear
 n - 2 scrolls of teleportation
 q - a scroll of identify
Potions
 c - 2 potions of brilliance
 d - a potion of might {unknown}
 f - a potion of mutation {unknown}
 i - a potion of curing {unknown}
 m - a potion of magic {unknown}
 r - a potion of haste {unknown}


   Skills:
 + Level 3.4 Armour
 - Level 2.1 Dodging
 - Level 1.7 Stealth
 - Level 5.1 Spellcasting
 - Level 7.3 Ice Magic
 + Level 1.2 Air Magic
 + Level 1.2 Poison Magic


You had 7 spell levels left.
You knew the following spells:

 Your Spells              Type           Power      Damage    Failure   Level
a - Freeze                Ice            100%       1d11      1%          1
b - Frozen Ramparts       Ice            58%        1d7       1%          3
c - Ozocubu's Armour      Ice            29%        N/A       1%          3
d - Poisonous Vapours     Pois/Air       16%        N/A       13%         2

Your spell library contained the following spells:

 Spells                   Type           Power      Damage    Failure   Level
 Corpse Rot               Necr/Air       12%        N/A       17%         2
 Sublimation of Blood     Necr           4%         N/A       22%         2
 Hailstorm                Conj/Ice       16%        3d6       30%         4
 Metabolic Englaciation   Hex/Ice        8%         N/A       65%         5
 Petrify                  Tmut/Erth      4%         N/A       80%         4
 Irradiate                Conj/Tmut      2%         3d14      98%         5
 Simulacrum               Ice/Necr       8%         N/A       99%         6


Dungeon Overview and Level Annotations

Branches:
Dungeon (5/15)             Temple (0/1) D:4

Altars:


Innate Abilities, Weirdness & Mutations

You are amphibious.
You cover ground slowly.
You can hop short distances.
You have an extended range of vision and can be seen from far away.


Message History

You hit the phantom.
The phantom is heavily damaged.
The phantom closely misses you.
You hit the phantom.
The phantom is severely damaged.
The phantom misses you.
You aren't carrying any items that you can evoke.
Unknown command.
Unknown command.
You hit the phantom but do no damage.
The phantom is severely damaged.
The phantom closely misses you.
You hit the phantom.
The phantom is severely damaged.
The phantom hits you!
* * * LOW HITPOINT WARNING * * *
The phantom blinks!
You blink.
An iguana comes into view.
Found a scroll labelled ZAAPHO ARRORU and 14 gold pieces.
You hit the phantom.
The phantom is severely damaged.
The iguana hisses angrily.
The phantom closely misses you.
You closely miss the phantom.
The phantom is severely damaged.
The phantom hits you.
* * * LOW HITPOINT WARNING * * *
The phantom blinks!
You blink.
You hit the phantom but do no damage.
The phantom is severely damaged.
The phantom barely misses you.
Unknown command.
You hit the phantom.
The phantom is almost destroyed.
The phantom hits you.
* * * LOW HITPOINT WARNING * * *
You closely miss the phantom.
The phantom is almost destroyed.
The phantom hits you!
You die...

...# #./#####..........#
....##..#######....?.....
.....#..............#####
.....................####
.........................
.........................
......................
.............W..[....
.....>......@........
.....................
.....................
.....................
...................
..?..........l.....
...................
...................
.....$.............


You could see a phantom and an iguana.

Vanquished Creatures
  Sigmund (D:4)
  A water moccasin (D:5)
  A scorpion (D:4)
  A centaur zombie (D:4)
  A hound (D:3)
  Jessica (D:2)
  An iguana (D:4)
  3 adders
  An adder zombie (D:3)
  An adder skeleton (D:4)
  4 worms
  2 dart slugs
  An orc (D:3)
  10 ball pythons
  5 endoplasms
  4 giant cockroaches
  6 goblins
  8 hobgoblins
  2 jackals (D:3)
  4 kobolds
  2 quokkas
  7 bats
  4 frilled lizards
  7 rats
78 creatures vanquished.

Vanquished Creatures (others)
  A bat (D:3)
1 creature vanquished.

Grand Total: 79 creatures vanquished

Notes
Turn   | Place    | Note
-------+----------+-------------------------------------------
     0 | D:1      | bnorton916 the Barachi Ice Elementalist began the quest for
                  | the Orb.
     0 | D:1      | Reached XP level 1. HP: 13/13 MP: 3/3
    94 | D:1      | Reached skill level 5 in Ice Magic
   169 | D:1      | Reached XP level 2. HP: 16/19 MP: 1/5
   486 | D:1      | Found a faded altar of an unknown god.
   831 | D:1      | Reached XP level 3. HP: 24/24 MP: 4/7
  1484 | D:2      | Learned a level 3 spell: Frozen Ramparts
  1488 | D:2      | Learned a level 3 spell: Ozocubu's Armour
  1617 | D:2      | Noticed Jessica
  1628 | D:2      | Killed Jessica
  1629 | D:2      | Reached XP level 4. HP: 30/30 MP: 0/9
  2216 | D:2      | Reached skill level 6 in Ice Magic
  2994 | D:3      | Reached XP level 5. HP: 33/35 MP: 6/10
  3968 | D:4      | Noticed Sigmund
  3991 | D:4      | Identified the +0 ring mail of Valour {rC+ Int+3 Dex+3}
  4053 | D:4      | Killed Sigmund
  4054 | D:4      | Reached skill level 7 in Ice Magic
  4054 | D:4      | Reached XP level 6. HP: 35/41 MP: 1/13
  4565 | D:4      | Reached skill level 5 in Spellcasting
  5101 | D:4      | Found a staircase to the Ecumenical Temple.
  5129 | D:4      | Reached XP level 7. HP: 46/46 MP: 5/14
  5134 | D:4      | Learned a level 2 spell: Poisonous Vapours
  5367 | D:5      | Entered Level 5 of the Dungeon
  5393 | D:5      | Reached skill level 1 in Air Magic
  5393 | D:5      | Reached skill level 1 in Poison Magic
  5602 | D:5      | Slain by a phantom

Illustrated notes

Levels and vault maps discovered:
D:1:      onia_arrival_pentagram, layout_basic,
          shapermc_ecumenical_altar_acropolis, minmay_heptomino_o4
D:2:      layout_basic, minmay_misc_feat_secret_circle, nrook_loot_triangle,
          uniq_jessica
D:3:      minmay_chambers_of_twos, layout_loops_ring, lemuel_old_faithful
D:4:      layout_loops_ring, minmay_temple_entry_antechambers,
          chequers_serial_rivers_micro_e, uniq_sigmund
D:5:      layout_layer_cave

Skill      XL: |  1  2  3  4  5  6  7 |
---------------+----------------------+-----
Ice Magic      | 5 6 7 |  7.3
Spellcasting   | 3 4 5 |  5.1
Armour         | 2 3 |  3.4
Air Magic      | 1 |  1.2
Poison Magic   | 1 |  1.2
Dodging        | |  2.1
Stealth        | |  1.7

Action                   |  1- 3 |  4- 6 |  7- 9 || total
-------------------------+-------+-------+-------++-------
Melee: Unarmed           |     2 |       |       ||     2
       Dagger            |       |    60 |    28 ||    88
Throw: Dart              |       |     2 |     1 ||     3
 Cast: Freeze            |    48 |    11 |       ||    59
       Frozen Ramparts   |     1 |    22 |     2 ||    25
       Ozocubu's Armour  |     1 |     4 |     2 ||     7
  Use: Scroll            |       |     4 |       ||     4
 Stab: Sleeping          |       |     2 |       ||     2
Armor: Robe              |     5 |    27 |     7 ||    39
Dodge: Dodged            |    26 |    70 |    12 ||   108
